 Dungeon Crawl Stone Soup version 0.21.1-1-g345015f (webtiles) character file.

193 tidbits the Stinger (level 5, -2/37 HPs)
             Began as a Gnoll Venom Mage on Feb 6, 2018.
             Was an Initiate of Cheibriados.
             Killed from afar by an electric eel (15 damage)
             ... with a bolt of electricity
             ... on level 3 of the Dungeon.
             The game lasted 00:05:54 (497 turns).

tidbits the Stinger (Gnoll Venom Mage)               Turns: 497, Time: 00:05:54

Health: -2/37      AC:  4    Str: 11    XL:     5   Next: 72%
Magic:  4/12       EV: 15    Int: 20    God:    Cheibriados [......]
Gold:   71         SH:  0    Dex: 16    Spells: 1/14 levels left

rFire    + . .     SeeInvis .   a - +0 short sword
rCold    . . .     Gourm    .   (no shield)
rNeg     . . .     Faith    .   B - +0 robe {rF+}
rPois    .         Spirit   .   (no helmet)
rElec    .         Reflect  .   (no cloak)
rCorr    .         Harm     .   G - +1 pair of gloves
MR       .....                  (no boots)
Stlth    +++.......             (no amulet)
HPRegen  1.12/turn              (no ring)
MPRegen  0.13/turn              (no ring)

@: very slightly contaminated, regenerating (expiring), slow
A: distributed training, fangs 1, strong nose
a: Bend Time, Renounce Religion


You were on level 3 of the Dungeon.
You worshipped Cheibriados.
Cheibriados was noncommittal.
You were full.

You visited 1 branch of the dungeon, and saw 4 of its levels.

You collected 71 gold pieces.

Inventory:

Hand Weapons
 a - a +0 short sword (weapon)
 e - a +0 club
Missiles
 m - 7 javelins of penetration (quivered)
Armour
 h - a +0 robe
 B - a +0 robe of fire resistance (worn)
   (You took it off an orc wizard on level 3 of the Dungeon)
 G - a +1 pair of gloves (worn)
Wands
 o - a wand of flame (17)
Scrolls
 d - 2 scrolls of identify {unknown}
 i - a scroll of teleportation {unknown}
 k - a scroll of random uselessness {unknown}
 l - a scroll of enchant armour {unknown}
Potions
 f - 3 potions of curing {unknown}
 g - a potion of heal wounds {unknown}
 j - a potion of cancellation {unknown}
Books
 b - a Young Poisoner's Handbook

   Spells                             Type                      Level
   a - Sting                          Conjuration/Poison           1
   b - Poisonous Vapours              Poison/Air                   2
   c - Mephitic Cloud                 Conjuration/Poison/Air       3
   d - Olgreb's Toxic Radiance        Poison                       4
   e - Venom Bolt                     Conjuration/Poison           5
 n - a book of Necromancy
   (You found it on level 3 of the Dungeon)

   Spells                             Type                      Level
   a - Pain                           Necromancy                   1
   b - Animate Skeleton               Necromancy                   1
   c - Vampiric Draining              Necromancy                   3
   d - Regeneration                   Charms/Necromancy            3
   e - Animate Dead                   Necromancy                   4
   f - Borgnjor's Vile Clutch         Necromancy/Earth             5
Comestibles
 c - 2 rations


   Skills:
 + Level 1.6 Fighting
 + Level 1.6 Short Blades
 + Level 1.6 Long Blades
 + Level 1.6 Axes
 + Level 1.6 Maces & Flails
 + Level 1.6 Polearms
 + Level 1.6 Staves
 + Level 1.6 Slings
 + Level 1.6 Bows
 + Level 1.6 Crossbows
 + Level 1.6 Throwing
 + Level 1.6 Armour
 + Level 4.8 Dodging
 + Level 4.4 Stealth
 + Level 1.6 Shields
 + Level 1.6 Unarmed Combat
 + Level 5.2 Spellcasting
 + Level 2.4 Conjurations
 + Level 1.2 Hexes
 + Level 1.2 Charms
 + Level 1.2 Summonings
 + Level 1.2 Necromancy
 + Level 1.2 Translocations
 + Level 1.2 Transmutations
 + Level 1.2 Fire Magic
 + Level 1.2 Ice Magic
 + Level 1.2 Air Magic
 + Level 1.2 Earth Magic
 + Level 5.5 Poison Magic
 + Level 1.8 Invocations
 + Level 1.6 Evocations


You had one spell level left.
You knew the following spells:

 Your Spells              Type           Power        Failure   Level  Hunger
a - Sting                 Conj/Pois      ###.         2%          1    None
m - Mephitic Cloud        Conj/Pois/Air  ###.....     10%         3    ##.....
o - Poisonous Vapours     Pois/Air       ###...       4%          2    None
r - Regeneration          Chrm/Necr      ##........   21%         3    ##.....
O - Olgreb's Toxic Radia  Pois           ####....     11%         4    ####...


Dungeon Overview and Level Annotations

Branches:
Dungeon (4/15)
 Temple: D:4-7

Altars:
Cheibriados


Innate Abilities, Weirdness & Mutations

Your experience applies equally to all skills.
You have very sharp teeth.
Your uncanny sense of smell can sniff out nearby items.


Message History

Casting: Sting
Confirm with . or Enter, or press ? or * to list all spells.
Aiming: Sting
Press: ? - help, Shift-Dir - straight line, f - goblin
Aim: a goblin, wielding a dagger The sting hits the goblin.
The goblin is poisoned.
You kill the goblin!
Cheibriados appreciates the change of pace.
You see here 15 gold pieces.
You now have 71 gold pieces (gained 15).
You see here a book of Necromancy.
n - a book of Necromancy
Press: ? - help, v - describe, . - travel, g - get item A wand of flame (21).
The floor.
Memorise Olgreb's Toxic Radiance, consuming 4 spell levels and leaving 4?
You start memorising the spell.
You continue memorising. x4
You finish memorising.
Spell assigned to 'b'.
Adjust (i)tems, (s)pells, or (a)bilities?
Adjust which spell? b - Olgreb's Toxic Radiance Adjust to which letter?
O - Olgreb's Toxic Radiance Memorise Regeneration, consuming 3 spell levels and leaving 1?
You start memorising the spell.
You continue memorising. x3
You finish memorising.
Spell assigned to 'r'.
Found 16 stones.
You see here a ration.
You eat the ration.
That ration really hit the spot!
A goblin comes into view. It is wielding a dagger.
There is a transporter here.
You enter the transporter and appear at another place.
Unknown command.
Found a long sword.
You see here a wand of flame (21).
Unknown command.
o - a wand of flame (21)
Found 10 gold pieces.
Unknown command.
You open the door.
The electric eel shoots out a bolt of lightning at you!
The bolt of electricity hits you!
The bolt of electricity hits the plant. x2
The electric eel shoots out a bolt of lightning at you!
The bolt of electricity hits you!
* * * LOW HITPOINT WARNING * * *
Unknown command.
Evoke which item? (* to show all) (? for menu, Esc to quit)
Aiming: Throw Flame
Press: ? - help, Shift-Dir - straight line, f - electric eel
Aim: an electric eel The puff of flame hits the electric eel.
The electric eel is moderately wounded.
The electric eel is engulfed in a cloud of scalding steam.
You kill the electric eel!
Cheibriados appreciates the change of pace.
Unknown command.
Evoke which item? (* to show all) (? for menu, Esc to quit)
Aiming: Throw Flame
Press: ? - help, Shift-Dir - straight line, f - electric eel
Aim: an electric eel The puff of flame hits the electric eel.
The electric eel is heavily wounded.
Evoke which item? (* to show all) (? for menu, Esc to quit)
Aiming: Throw Flame
Press: ? - help, Shift-Dir - straight line, f/p - electric eel
Aim: an electric eel (steam, heavily wounded)
The puff of flame hits the electric eel.
The electric eel is almost dead.
The electric eel is engulfed in a cloud of scalding steam.
You kill the electric eel!
Cheibriados appreciates the change of pace.
You close the door.
Casting: Sting
Confirm with . or Enter, or press ? or * to list all spells.
You miscast Regeneration.
You are very lightly contaminated with residual magic.
Nothing appears to happen.
Casting: Regeneration
Confirm with . or Enter, or press ? or * to list all spells.
You miscast Regeneration.
Strange energies run through your body.
Casting: Regeneration
Confirm with . or Enter, or press ? or * to list all spells.
Your skin crawls.
Unknown command.
You open the door.
The electric eel shoots out a bolt of lightning at you!
The bolt of electricity hits you!
* * * LOW HITPOINT WARNING * * *
The bolt of electricity hits the plant. x2
Evoke which item? (* to show all) (? for menu, Esc to quit)
Aiming: Throw Flame
Press: ? - help, Shift-Dir - straight line, f - electric eel
Aim: an electric eel The puff of flame misses the electric eel.
Your skin is crawling a little less now.
The electric eel is engulfed in a cloud of scalding steam.
The electric eel shoots out a bolt of lightning at you!
The bolt of electricity hits you!
You die...

.. .# .####.# ∆ .(...
#.... ############
#...#####.
...........####.........
##########[#......# ###
≈≈≈≈≈≈#P8#.#.####.####..
≈≈≈≈..#@.#..........##..
≈≈♣P$.'.©#©.........##..
≈≈≈≈..#..#..........##..
≈≈≈≈≈;#P8#.#<...........
##########.#######.#....
)..........# #.)...#
############ ##....#
######.#### ##_#........


You could see an electric eel.

Vanquished Creatures
  2 electric eels (D:3)
  An orc wizard (D:3)
  Jessica (D:3)
  2 adders (D:2)
  A worm (D:2)
  A dart slug (D:3)
  A leopard gecko (D:3)
  5 orcs
  4 giant cockroaches
  6 goblins
  2 hobgoblins (D:1)
  2 jackals (D:3)
  3 kobolds
  2 bats (D:3)
  A frilled lizard (D:1)
  4 rats
38 creatures vanquished.

Notes
Turn   | Place    | Note
-------+----------+-------------------------------------------
     0 | D:1      | tidbits the Gnoll Venom Mage began the quest for the Orb.
     0 | D:1      | Reached XP level 1. HP: 13/13 MP: 6/6
    31 | D:1      | Reached skill level 2 in Conjurations
    41 | D:1      | Reached XP level 2. HP: 19/19 MP: 0/7
    45 | D:1      | Learned a level 2 spell: Poisonous Vapours
   160 | D:2      | Reached XP level 3. HP: 11/25 MP: 2/9
   162 | D:3      | Found a transporter.
   176 | D:2      | Reached skill level 5 in Spellcasting
   181 | D:2      | Learned a level 3 spell: Mephitic Cloud
   249 | D:3      | Reached skill level 1 in Invocations
   282 | D:3      | Noticed Jessica
   292 | D:3      | Killed Jessica
   292 | D:3      | Reached skill level 1 in Fighting
   292 | D:3      | Reached skill level 1 in Short Blades
   292 | D:3      | Reached skill level 1 in Long Blades
   292 | D:3      | Reached skill level 1 in Axes
   292 | D:3      | Reached skill level 1 in Maces & Flails
   292 | D:3      | Reached skill level 1 in Polearms
   292 | D:3      | Reached skill level 1 in Staves
   292 | D:3      | Reached skill level 1 in Slings
   292 | D:3      | Reached skill level 1 in Bows
   292 | D:3      | Reached skill level 1 in Crossbows
   292 | D:3      | Reached skill level 1 in Throwing
   292 | D:3      | Reached skill level 1 in Armour
   292 | D:3      | Reached skill level 1 in Shields
   292 | D:3      | Reached skill level 1 in Unarmed Combat
   292 | D:3      | Reached skill level 1 in Evocations
   292 | D:3      | Reached XP level 4. HP: 25/32 MP: 3/11
   336 | D:3      | Reached skill level 1 in Hexes
   336 | D:3      | Reached skill level 1 in Charms
   336 | D:3      | Reached skill level 1 in Summonings
   336 | D:3      | Reached skill level 1 in Necromancy
   336 | D:3      | Reached skill level 1 in Translocations
   336 | D:3      | Reached skill level 1 in Transmutations
   336 | D:3      | Reached skill level 1 in Fire Magic
   336 | D:3      | Reached skill level 1 in Ice Magic
   336 | D:3      | Reached skill level 1 in Air Magic
   336 | D:3      | Reached skill level 1 in Earth Magic
   410 | D:3      | Reached XP level 5. HP: 25/37 MP: 2/12
   421 | D:3      | Found a snail-covered altar of Cheibriados.
   429 | D:3      | Became a worshipper of Cheibriados the Contemplative
   452 | D:3      | Learned a level 4 spell: Olgreb's Toxic Radiance
   456 | D:3      | Learned a level 3 spell: Regeneration
   497 | D:3      | Killed from afar by an electric eel

Skill      XL: |  1  2  3  4 |
---------------+-------------+-----
Conjurations   | 2 |  2.4
Spellcasting   | 5 |  5.2
Invocations    | 1 |  1.8
Fighting       | 1 |  1.6
Short Blades   | 1 |  1.6
Long Blades    | 1 |  1.6
Axes           | 1 |  1.6
Maces & Flails | 1 |  1.6
Polearms       | 1 |  1.6
Staves         | 1 |  1.6
Slings         | 1 |  1.6
Bows           | 1 |  1.6
Crossbows      | 1 |  1.6
Throwing       | 1 |  1.6
Armour         | 1 |  1.6
Shields        | 1 |  1.6
Unarmed Combat | 1 |  1.6
Evocations     | 1 |  1.6
Hexes          | 1 |  1.2
Charms         | 1 |  1.2
Summonings     | 1 |  1.2
Necromancy     | 1 |  1.2
Translocations | 1 |  1.2
Transmutations | 1 |  1.2
Fire Magic     | 1 |  1.2
Ice Magic      | 1 |  1.2
Air Magic      | 1 |  1.2
Earth Magic    | 1 |  1.2
Dodging        | |  4.8
Stealth        | |  4.4
Poison Magic   | |  5.5

Action                   |  1- 3 |  4- 6 || total
-------------------------+-------+-------++-------
Melee: Club              |    10 |       ||    10
       Short sword       |    14 |    21 ||    35
       Bite              |     3 |     1 ||     4
 Cast: Sting             |    19 |     7 ||    26
       Poisonous Vapours |     6 |     4 ||    10
       Regeneration      |       |     1 ||     1
Evoke: Wand              |       |     4 ||     4
 Stab: Sleeping          |     1 |     1 ||     2
  Eat: Ration            |       |     1 ||     1
Armor: Robe              |     7 |     8 ||    15
Dodge: Dodged            |    21 |    17 ||    38

Table legend:
 A = Turns spent in this place as a percentage of turns spent in the entire game.
 B = Non-inter-level travel turns spent in this place as a percentage of non-inter-level travel turns spent in the entire game.
 C = Inter-level travel turns spent in this place as a percentage of turns spent in this place.
 D = Turns resting spent in this place as a percentage of non-inter-level travel turns spent in this place.
 E = Turns spent auto-exploring this place as a percentage of non-inter-level travel turns spent in this place.
 F = Non-inter-level travel turns spent in this place divided by the number of levels of this place that you've seen.
                   A       B       C       D       E      F
               +-------+-------+-------+-------+-------+----------------------
         Total | 100.0 | 100.0 |   0.0 |   0.0 |   0.0 | 124.2
       Dungeon | 100.0 | 100.0 |   0.0 |   0.0 |   0.0 | 124.2
               +-------+-------+-------+-------+-------+----------------------

Table legend:
 A = Kills in this place as a percentage of kills in entire the game.
 B = Kills by you in this place as a percentage of kills by you in the entire game.
 C = Kills by friends in this place as a percentage of kills by friends in the entire game.
 D = Other kills in this place as a percentage of other kills in the entire game.
 E = Experience gained in this place as a percentage of experience gained in the entire game.
 F = Experience gained in this place divided by the number of levels of this place that you have seen.
                   A       B       C       D       E      F
               +-------+-------+-------+-------+-------+----------------------
         Total | 100.0 | 100.0 |   N/A |   N/A | 100.0 |  69.0
       Dungeon | 100.0 | 100.0 |   N/A |   N/A | 100.0 |  69.0
               +-------+-------+-------+-------+-------+----------------------

Vault maps used:
D:1:      ncdulo_lavacross, minmay_misc_feat_alley
D:2:      grunt_ministairs_8
D:3:      gammafunk_steamed_eel, kennysheep_slug_shrine, uniq_jessica
D:4:      lemuel_blue_sif_altar, first_ration, roderic_batcave
